 Dungeon Crawl Stone Soup version 0.20.1-1-g8b1a95d (webtiles) character file.

55 Josy the Insei (level 3, -3/23 HPs)
             Began as an Octopode Transmuter on Dec 6, 2017.
             Slain by a gnoll
             ... wielding a +0 whip
              (6 damage)
             ... on level 2 of the Dungeon.
             The game lasted 00:05:00 (1159 turns).

Josy the Insei (Octopode Transmuter)                Turns: 1159, Time: 00:05:00

Health: -3/23      AC:  1    Str: 10    XL:     3   Next: 93%
Magic:  5/6        EV: 14    Int: 15    God:
Gold:   8          SH:  0    Dex: 12    Spells: 5/6 levels left

rFire    . . .     SeeInvis .   f - +1 dagger
rCold    . . .     Gourm    .   (no shield)
rNeg     . . .     Faith    .   (helmet restricted)
rPois    .         Spirit   .   j - amulet of harm
rElec    .         Reflect  .   (no ring)
rCorr    .         Harm     +   (no ring)
MR       .....                  (no ring)
Stlth    +++.......             (no ring)
Regen    0.1/turn               (no ring)
MPRegen  0.1/turn               (no ring)
                                (no ring)
                                (no ring)

@: appendage
A: almost no armour, stealthy swim, amphibious, 8 rings, constrict 8, tentacle
spike 3, camouflage 1, gelatinous body 1
a: End Transformation


You were on level 2 of the Dungeon.
You were not hungry.
One of your tentacles had a temporary spike.
You visited 1 branch of the dungeon, and saw 2 of its levels.

You collected 8 gold pieces.

Inventory:

Hand Weapons
 f - a +1 dagger (weapon)
 k - a +0 club
 l - a +0 dagger
Missiles
 a - 12 arrows
 e - 19 stones (quivered)
Armour
 c - a +0 scale mail
 i - a +0 leather armour
Jewellery
 j - an amulet of harm (around mantle)
Scrolls
 h - a scroll of remove curse {unknown}
Potions
 d - a potion of agility {unknown}
 g - 2 potions of haste {unknown}
Books
 b - a book of Changes

   Spells                             Type                      Level
   a - Beastly Appendage              Transmutation                1
   b - Sticks to Snakes               Transmutation                2
   c - Spider Form                    Transmutation/Poison         3
   d - Ice Form                       Ice/Transmutation            4
   e - Blade Hands                    Transmutation                5


   Skills:
 + Level 1.2 Fighting
 + Level 0.2 Short Blades
 + Level 2.6 Dodging
 + Level 2.2 Stealth
 + Level 3.5 Unarmed Combat
 + Level 2.1 Spellcasting
 + Level 2.3 Transmutations


You had 5 spell levels left.
You knew the following spells:

 Your Spells              Type           Power        Failure   Level  Hunger
a - Beastly Appendage     Tmut           #.....       9%          1    #......


Dungeon Overview and Level Annotations

Branches:
Dungeon (2/15)

Altars:


Innate Abilities, Weirdness & Mutations

You cannot wear most types of armour.
You are very stealthy in the water. (Stealth+)
You are amphibious.
You can wear up to eight rings at the same time.
You can use your tentacles to constrict eight enemies at once.
Your skin changes colour to match your surroundings (Stealth+).
Your rubbery body absorbs attacks. (AC +1, EV +1)
One of your tentacles bears a large vicious spike.


Message History

Confirm with . or Enter, or press ? or * to list all spells.
One of your tentacles grows a vicious spike.
The gnoll shouts!
You constrict the gnoll.
You kill the gnoll!
Your Stealth skill increases to level 2!
The goblin hits you with a dagger.
* * * LOW HITPOINT WARNING * * *
Your transformation is almost over.
Your tentacle spike disappears.
Casting: Beastly Appendage
Confirm with . or Enter, or press ? or * to list all spells.
One of your tentacles grows a vicious spike.
The goblin hits you with a dagger.
* * * LOW HITPOINT WARNING * * *
You hit the goblin.
You kill the goblin!
The gnoll closely misses you. The gnoll hits you with a whip.
You die...

♣...♣♣♣...♣♣♣P...>.#
♣P.P ♣...♣ ♣...[..#
♣♣♣..P♣♣♣...♣♣♣P.....#
..P...P.P...P........#
.....................#
...P.PP.P...PPP...####
♣ ♣...♣ ♣...♣♣♣...# ♣
♣P..♣ ♣P.P♣ ♣P..#
♣♣♣P.P♣♣♣...♣♣♣.@.#
..P.....P...Pg.gg##
..............)..#
P..P.P......PP.P.#
♣♣♣P.P♣♣♣P..♣♣♣P.# ♣
♣P..♣ ♣P.P♣ ♣..# ♣
♣..P♣ ♣P.P♣ ♣P.#
PP...P.....PPP.P.#
.................#


You could see 3 gnolls.

Vanquished Creatures
  An adder (D:2)
  A gnoll (D:2)
  A leopard gecko (D:2)
  A giant cockroach (D:1)
  6 goblins
  4 hobgoblins (D:1)
  9 jackals
  2 bats (D:1)
  A frilled lizard (D:1)
  2 kobolds (D:1)
  4 rats
32 creatures vanquished.

Notes
Turn   | Place    | Note
-------+----------+-------------------------------------------
     0 | D:1      | Josy the Octopode Transmuter began the quest for the Orb.
     0 | D:1      | Reached XP level 1. HP: 13/13 MP: 3/3
   167 | D:1      | Reached XP level 2. HP: 9/18 MP: 5/5
   614 | D:1      | Reached skill level 1 in Stealth
   713 | D:1      | Reached XP level 3. HP: 16/23 MP: 6/6
  1159 | D:2      | Slain by a gnoll

Skill      XL: |  1  2  3 |
---------------+----------+-----
Stealth        | 1 2 |  2.2
Fighting       | |  1.2
Short Blades   | |  0.2
Dodging        | |  2.6
Unarmed Combat | |  3.5
Spellcasting   | |  2.1
Transmutations | |  2.3

Action                   || total
-------------------------++-------
Melee: Unarmed           ||    27
       Tentacles         ||    20
       Constrict         ||    23
       Punch             ||     3
       Dagger            ||    60
 Cast: Beastly Appendage ||     2
  Use: Scroll            ||     2
 Stab: Sleeping          ||     6
  Eat: Bread ration      ||     1
Armor: Skin              ||    10
Dodge: Dodged            ||    83
